 Dungeon Crawl Stone Soup version 0.27-a0-1497-gf8f22f7954 (webtiles) character file.

Game seed: 13675684535149459664

82 Lekart the Skirmisher (level 4, 0/40 HPs)
             Began as a Draconian Chaos Knight on July 7, 2021.
             Was a Plaything of Xom.
             Slain by a white imp (2 damage)
             ... summoned by Xom
             ... on level 2 of the Dungeon.
             The game lasted 00:02:15 (1879 turns).

Lekart the Skirmisher (Draconian Chaos Knight)      Turns: 1879, Time: 00:02:16

Health: 0/40       AC: -11   Str: 15 (16) XL:     4   Next: 21%
Magic:  6/6        EV: 12    Int: 10 (12) God:    Xom [......]
Gold:   58         SH:  0    Dex: 10      Spells: 5/5 levels left

rFire    + . .     SeeInvis .   a - +1 falchion (chaos)
rCold    . . .     Faith    .   (no shield)
rNeg     . . .     Spirit   .   (armour unavailable)
rPois    .         Reflect  .   b - +0 hat
rElec    .         Harm     .   (no cloak)
rCorr    .         Rampage  .   (no gloves)
Will     .....                  (no boots)
Stlth    +.........             (no amulet)
HPRegen  1.13/turn              (no ring)
MPRegen  0.10/turn              (no ring)

@: corroded, studying Necromancy
A: AC +5, unfitting armour, cold-blooded, claws 1, fire resistance 1, high mp 1,
regeneration 1, evolution 1
a: Renounce Religion


You were on level 2 of the Dungeon.
You worshipped Xom.
You were a very special plaything of Xom.
You visited 1 branch of the dungeon, and saw 3 of its levels.

You collected 58 gold pieces.

Inventory:

Hand Weapons
 a - a +1 falchion of chaos (weapon)
Armour
 b - a +0 hat (worn)
Potions
 c - a potion of heal wounds
 d - a potion of attraction {unknown}


   Skills:
 + Level 3.9 Fighting
 + Level 3.9 Long Blades
 + Level 2.7 Dodging
 * Level 1.3 Spellcasting


You had 5 spell levels left.
You didn't know any spells.
Your spell library contained the following spells:

 Spells                   Type           Power      Damage    Failure   Level
 Slow                     Hex            0%         N/A       45%         2
 Confusing Touch          Hex            0%         N/A       71%         3
 Vampiric Draining        Necr           0%         2d6       71%         3


Dungeon Overview and Level Annotations

Branches:
Dungeon (3/15)

Altars:
Uskayaw


Innate Abilities, Weirdness & Mutations

Your plain brown scales are hard. (AC +5)
You cannot fit into any form of body armour.
You are cold-blooded and may be slowed by cold attacks.
You have sharp fingernails.
Your flesh is heat resistant. (rF+)
You have an increased reservoir of magic. (+10% MP)
Your natural rate of healing is unusually fast.
You evolve.


Message History

Found 6 atropa-tipped darts.
Found a hide-covered altar of Uskayaw.
Found an escape hatch in the floor.
Found a stone staircase leading down.
There is a stone staircase leading up here.
You climb upwards.
There is a stone staircase leading down here.
Unknown command.
You see here a +0 short sword.
You see here 10 poisoned darts. "Fight to survive, mortal."
The rust devil hits you. The rust devil corrodes you!
The white imp barely misses you.
You hit the white imp.
The white imp is moderately wounded.
The white imp gestures at you. The puff of frost hits you.
The rust devil hits you! The rust devil corrodes you!
You hit the white imp but do no damage.
The white imp is moderately wounded.
The white imp barely misses you. The rust devil barely misses you.
You hit the white imp but do no damage.
The white imp flickers and vanishes!
Deactivating autopickup; reactivate with Ctrl-A.
Something hits you. Something freezes you.
You feel yourself slow down. The rust devil hits you.
The rust devil corrodes you!
You hit something but do no damage.
A puff of frost appears from out of thin air!
The puff of frost hits you!
* * * LOW HITPOINT WARNING * * *
The rust devil hits you.
* * * LOW HITPOINT WARNING * * *
The rust devil corrodes you! Something barely misses you.
The rust devil hits you.
* * * LOW HITPOINT WARNING * * *
The rust devil corrodes you!
You miss something. You tail-slap something.
You feel yourself speed up. Something hits you.
* * * LOW HITPOINT WARNING * * *
Something freezes you.
You die... "It was about time."

##.# #..# #.# ##.#
#..### #.# ##.#
#....# #.#
##.######.##.# #>#
##........##.# ##.#
##..########.# #..#
##..# #.# #.## ....#
#.# #4#
###.########.# #@#
###..........# #{#
.............###(###
.##########........#
.# #.....##.# )#
#.....##.# .#
#.....##.# ##
#.....##.#
###.####.#


You could see a rust devil (summoned).

Vanquished Creatures
  Jessica (D:2)
  An adder (D:2)
  2 dart slugs (D:2)
  5 endoplasms
  2 giant cockroaches (D:1)
  A goblin (D:1)
  3 hobgoblins
  6 jackals
  3 kobolds
  3 ball pythons
  4 bats
  7 frilled lizards
  5 rats
43 creatures vanquished.

Vanquished Creatures (others)
  5 toadstools (D:1)
5 creatures vanquished.

Grand Total: 48 creatures vanquished

Notes
Turn   | Place    | Note
-------+----------+-------------------------------------------
     0 | D:1      | Lekart the Draconian Chaos Knight began the quest for the
                  | Orb.
     0 | D:1      | Reached XP level 1. HP: 19/19 MP: 1/1
   115 | D:1      | Noticed a great orb of eyes
   118 | D:1      | Found a faded altar of an unknown god.
   129 | D:1      | Noticed a shining eye
   133 | D:1      | Noticed a great orb of eyes
   133 | D:1      | Noticed a golden eye
   173 | D:1      | XOM: silly message
   214 | D:1      | XOM: silly message
   274 | D:1      | Reached XP level 2. HP: 26/26 MP: 2/2
   393 | D:1      | XOM: silly message
   931 | D:1      | XOM: god gift: scroll labelled KILLAZ GIP {god gift}
  1117 | D:2      | Reached XP level 3. HP: 31/33 MP: 4/4
  1205 | D:2      | XOM: god gift: bubbling orange potion {god gift}
  1327 | D:2      | XOM: cloud trail
  1498 | D:2      | Reached skill level 1 in Spellcasting
  1581 | D:2      | XOM: give mutations
  1581 | D:2      | Gained mutation: You evolve. [Xom's grace]
  1581 | D:2      | Gained mutation: You have an increased reservoir of magic.
                  | (+10% MP) [Xom's grace]
  1587 | D:2      | Noticed Jessica
  1590 | D:2      | Killed Jessica
  1591 | D:2      | Reached XP level 4. HP: 40/40 MP: 4/6
  1605 | D:2      | XOM: give mutations
  1605 | D:2      | Gained mutation: Your flesh is heat resistant. (rF+) [Xom's
                  | grace]
  1605 | D:2      | Gained mutation: Your natural rate of healing is unusually
                  | fast. [Xom's grace]
  1605 | D:2      | Gained mutation: You have sharp fingernails. [Xom's grace]
  1609 | D:2      | XOM: 2-stop teleportation journey
  1838 | D:3      | Found a hide-covered altar of Uskayaw.
  1872 | D:2      | XOM: summons 2 hostile demons
  1873 | D:2      | Noticed a rust devil
  1878 | D:2      | HP: 2/40 [rust devil[Xom] (6)]
  1879 | D:2      | Slain by a white imp

Illustrated notes

Levels and vault maps discovered:
D:1:      ldierk_walled_garden, layout_loops_ring,
          hellmonk_ecumenical_altar_watching_god
D:2:      layout_loops_ring, uniq_jessica
D:3:      layout_basic, general_overflow_altar,
          yredelemnul_forgotten_temple_becter, mainiacjoe_overflow_paths,
          uniq_grinder, uniq_sigmund

Skill      XL: |  1  2  3 |
---------------+----------+-----
Spellcasting   | 1 |  1.3
Fighting       | |  3.9
Long Blades    | |  3.9
Dodging        | |  2.7

Action                   |  1- 3 |  4- 6 || total
-------------------------+-------+-------++-------
Melee: Falchion          |   100 |     9 ||   109
       Tailslap          |    10 |     3 ||    13
  Use: Potion            |     4 |       ||     4
       Scroll            |     3 |       ||     3
 Stab: Sleeping          |     1 |       ||     1
Armor: Skin              |    46 |       ||    46
Dodge: Dodged            |    68 |     6 ||    74
       Rpst.: Falchion   |    27 |     1 ||    28

Table legend: (Time is in decaauts)
 A = Elapsed time spent in this place.
 B = Non-inter-level travel time spent in this place.
 C = Inter-level travel time spent in this place.
 D = Time resting spent in this place.
 E = Time spent auto-exploring this place.
 F = Levels seen in this place.
 G = Mean time per level.
                   A        B        C        D        E       F      G
               +--------+--------+--------+--------+--------+-----+--------+
         Total |   1886 |   1798 |     88 |    150 |   1346 |   3 |  628.7 |
       Dungeon |   1886 |   1798 |     88 |    150 |   1346 |   3 |  628.7 |
               +--------+--------+--------+--------+--------+-----+--------+

Top non-repeatable levels by time:
     D:1: 1018 daAuts
     D:2: 866 daAuts
     D:3: 1 daAuts
